 Dungeon Crawl Stone Soup version 0.31.0-11-ge490571c62 (webtiles) character file.

Game seed: 672091753751777406

8 Gadfly the Ruffian (level 2, 20/21 HPs)
             Began as a Demonspawn Shapeshifter on Jan 26, 2024.
             Quit the game on level 1 of the Dungeon.
             The game lasted 00:00:33 (150 turns).

Gadfly the Ruffian (Demonspawn Shapeshifter)         Turns: 150, Time: 00:00:33

Health: 20/21      AC:  2    Str: 14    XL:     2   Next: 0%
Magic:  2/2        EV: 12    Int: 10    God:
Gold:   0          SH:  0    Dex: 12    Spells: 1/1 levels left

rFire   . .          .
                       - Unarmed
rCold   . . .        (no shield)
rNeg    . . .        a - +0 animal skin
rPois   .            (helmet currently unavailable)
rElec   .            (cloak currently unavailable)
rCorr   .            (gloves currently unavailable)
SInv    .            (boots currently unavailable)
Will    .....        (no amulet)
Stlth   +            (no ring)
HPRegen 0.23/turn    (no ring)
MPRegen 0.16/turn

%: no passive effects
@: beast-form
A: beast (slay +1), magic regeneration
a: Begin Untransformation


You were on level 1 of the Dungeon.
You were a hulking beast.
You visited 1 branch of the dungeon, and saw 1 of its levels.

Inventory:

Armour
 a - a +0 animal skin (worn)
Talismans
 c - a beast talisman
 d - a flux talisman
Scrolls
 e - a scroll of enchant weapon {unknown}
Potions
 b - 2 potions of lignification


   Skills:
 + Level 1.2 Fighting
 * Level 2.0 Dodging
 + Level 2.8 Unarmed Combat
 * Level 0.6 Evocations
 + Level 2.7 Shapeshifting


You had one spell level left.
You didn't know any spells.
Your spell library was empty.

Dungeon Overview and Level Annotations

Branches:
Dungeon (1/15)

Altars:


Innate Abilities, Weirdness & Mutations

You are a hulking beast.
Your limbs bulge with bestial killing power. (Slay +1)
You regenerate magic rapidly.


Message History

A frilled lizard comes into view.
The frilled lizard hisses angrily.
There are monsters nearby!
You hit the dart slug.
The dart slug is heavily wounded.
The dart slug closely misses you.
You hit the dart slug but do no damage.
The dart slug is heavily wounded.
The dart slug launches a dart at you. The slug dart misses you.
You hit the dart slug.
You kill the dart slug!
You closely miss the frilled lizard. The frilled lizard closely misses you.
You miss the frilled lizard. The frilled lizard barely misses you.
You hit the frilled lizard.
You kill the frilled lizard!
Your Dodging skill increases to level 2!
No target in view!
No target in view!
No target in view!
Key pressed, stopping explore.
b - 2 potions of lignification (gained 1)
A jackal comes into view.
The jackal barks!
You hear a bark!
A jackal is nearby!
A jackal is nearby!
A jackal is nearby!
A jackal comes into view.
Found 15 gold pieces.
The jackal moves out of view.
A jackal is nearby!
A jackal comes into view.
You closely miss the jackal. The jackal bites you.
You hit the jackal.
You kill the jackal!
You have reached level 2!
Your demonic ancestry asserts itself...
Your magic begins to regenerate rapidly.
You see here a jackal corpse.
You barely miss the jackal. The jackal barely misses you.
Are you sure you want to abandon this character and quit the game? (Confirm with "yes".)

..#..................
#........###...........#
#.#.#.#.. #.###...#####
........# #.#######
..#.#.#.# #.....(.#
#.......# #######.#
#.#.#.#.# ##....#.#
#.....h.# #.....#.#####
#...h## #.....#.....#
####..###.....#####.#
##.........†...#.#
#.###.........#.#
#$##.............
#.##..#....†.....
#####............
#..#.#.#.#... #
#............


You could see a jackal.

Vanquished Creatures
  2 dart slugs (D:1)
  A jackal (D:1)
  A frilled lizard (D:1)
  A rat (D:1)
5 creatures vanquished.

Notes
Turn   | Place    | Note
-------+----------+-------------------------------------------
     0 | D:1      | Gadfly the Demonspawn Shapeshifter began the quest for the
                  | Orb.
     0 | D:1      | Reached XP level 1. HP: 15/15 MP: 1/1
   148 | D:1      | Gained mutation: You regenerate magic rapidly. [demonic
                  | ancestry]
   148 | D:1      | Reached XP level 2. HP: 20/21 MP: 2/2
   150 | D:1      | Quit the game

Illustrated notes

Levels and vault maps discovered:
D:1:      roderic_crop_circles_arrival_small, layout_loops_cross,
          serial_co_window_serial, co_window_corner_a, co_window_paths_b,
          co_window_paths_a, co_window_paths_a, co_window_of_opportunity_a,
          co_window_unsneaky_path_e, co_window_unsneaky_path_a,
          co_window_corner_cb, co_window_broadway_b, co_window_broadway_b,
          co_window_corner_b, co_window_paths_d, glass_columns_b,
          glass_columns_a, glass_columns_c, glass_columns_a, glass_columns_b

Skill      XL: |  1 |
---------------+----+-----
Dodging        | 2 |  2.0
Fighting       | |  1.2
Unarmed Combat | |  2.8
Evocations     | |  0.6
Shapeshifting  | |  2.7

Action                     || total
---------------------------++-------
  Melee: Unarmed           ||    17
         Punch             ||     3
 Armour: Animal skin       ||     1
  Dodge: Dodged            ||     8
